 Dungeon Crawl Stone Soup version 0.23.2-33-g5129a83184 (webtiles) character file.

Game seed: 4040992605808643492

331 Felnil the Skirmisher (level 6, -1/49 HPs)
             Began as a Mummy Fighter on Aug 6, 2019.
             Was an Initiate of Nemelex Xobeh.
             Slain by a killer bee (7 damage)
             ... on level 4 of the Dungeon.
             The game lasted 00:10:15 (3342 turns).

Felnil the Skirmisher (Mummy Fighter)               Turns: 3342, Time: 00:10:16

Health: -1/49      AC: 11    Str: 21    XL:     6   Next: 26%
Magic:  6/6        EV:  7    Int: 12    God:    Nemelex Xobeh [......]
Gold:   184        SH:  9    Dex: 11    Spells: 5/5 levels left

rFire    x . .     SeeInvis .   a - +0 war axe
rCold    + . .     Gourm    .   c - +0 shield
rNeg     + + +     Faith    .   b - +1 scale mail
rPois    ∞         Spirit   .   (no helmet)
rElec    .         Reflect  .   (no cloak)
rCorr    .         Harm     .   (no gloves)
MR       .....                  (no boots)
Stlth    ..........             (no amulet)
HPRegen  0.16/turn              d - +4 ring of protection
MPRegen  0.10/turn              h - +4 ring of intelligence

@: no status effects
A: no food or potions, fire vulnerability, cold resistance 1, negative energy
resistance 3, torment resistance, unbreathing
a: Draw Escape, Draw Destruction, Draw Summoning, Renounce Religion


You were on level 4 of the Dungeon.
You worshipped Nemelex Xobeh.
Nemelex Xobeh was noncommittal.
You were not hungry.

You visited 1 branch of the dungeon, and saw 4 of its levels.

You collected 184 gold pieces.

Inventory:

Hand Weapons
 a - a +0 war axe (weapon)
Armour
 b - a +1 scale mail (worn)
 c - a +0 shield (worn)
Jewellery
 d - a +4 ring of protection (left hand)
 h - a +4 ring of intelligence (right hand)
Wands
 g - a wand of random effects (23)
 j - a wand of enslavement (5)


   Skills:
 + Level 4.3 Fighting
 + Level 3.0 Axes
 + Level 3.5 Armour
 + Level 3.6 Shields


You had 5 spell levels left.
You didn't know any spells.
Your spell library was empty.

Dungeon Overview and Level Annotations

Branches:
Dungeon (4/15)
 Temple: D:4-7

Altars:
Nemelex Xobeh
Xom
Zin

Shops:
D:2 *


Innate Abilities, Weirdness & Mutations

You do not eat or drink.
Your flesh is vulnerable to fire.
You are immune to poison.
Your flesh is cold resistant. (rC+)
You are immune to negative energy. (rN+++)
You are immune to unholy pain and torment.
You can survive without breathing.


Message History

The killer bee barely misses you. The killer bee stings you!
You closely miss the killer bee.
The killer bee is lightly wounded.
You block the killer bee's attack. The killer bee stings you.
* * * LOW HITPOINT WARNING * * *
You completely miss the killer bee.
The killer bee is lightly wounded.
The killer bee stings you!
* * * LOW HITPOINT WARNING * * *
You block the killer bee's attack. x2
You miss the killer bee.
The killer bee is lightly wounded.
You block the killer bee's attack. x2; The killer bee stings you.
* * * LOW HITPOINT WARNING * * *
You miss the killer bee.
The killer bee is lightly wounded.
The killer bee stings you!
You die...
Your body disappears without a glow.

.....####)._...#####.#...
........)#⌠.⌠........####
##.#.#.#.#...#.........#
#.#.#...#####...###
#.#.#...........#
#.#.#..######.#.####
#.#.#...............
#.#y##.######.#.####
#.#@##.#......#.#
#.##.#.####.#.####
#.##..............
#.##.#.######.####
#.##.#... .... #.##.#####
####.# #.##.# ### .
#.##.. ..# #
#.#######.##.###


You could see a killer bee.

Vanquished Creatures
  A killer bee (D:4)
  3 orc priests
  2 orc wizards (D:4)
  A hound (D:4)
  A gnoll (D:3)
  An adder (D:4)
  2 oozes
  A worm (D:3)
  A dart slug (D:3)
  2 leopard geckos (D:3)
  9 orcs
  9 bats
  4 giant cockroaches
  5 hobgoblins
  13 jackals (D:1)
  8 kobolds
  A ball python (D:1)
  7 frilled lizards
  5 goblins
  5 rats
81 creatures vanquished.

Notes
Turn   | Place    | Note
-------+----------+-------------------------------------------
     0 | D:1      | Felnil the Mummy Fighter began the quest for the Orb.
     0 | D:1      | Reached XP level 1. HP: 18/18 MP: 1/1
    95 | D:1      | Reached XP level 2. HP: 20/24 MP: 2/2
   579 | D:1      | Reached XP level 3. HP: 27/29 MP: 3/3
  1005 | D:2      | Found Zin's Purification Station.
  1008 | D:2      | Found a glowing silver altar of Zin.
  1364 | D:3      | Found a shimmering altar of Xom.
  1822 | D:3      | Reached XP level 4. HP: 18/35 MP: 4/4
  2855 | D:3      | Reached XP level 5. HP: 21/42 MP: 5/5
  3074 | D:4      | Reached skill level 4 in Fighting
  3104 | D:4      | Found a sparkling altar of Nemelex Xobeh.
  3125 | D:4      | Reached XP level 6. HP: 45/48 MP: 6/6
  3141 | D:4      | Became a worshipper of Nemelex Xobeh the Trickster
  3342 | D:4      | Slain by a killer bee

Skill      XL: |  1  2  3  4  5  6 |
---------------+-------------------+-----
Axes           | 2 3 |  3.0
Shields        | 3 |  3.6
Armour         | 3 |  3.5
Fighting       | 4 |  4.3

Action                   |  1- 3 |  4- 6 || total
-------------------------+-------+-------++-------
Melee: War axe           |   150 |   123 ||   273
  Use: Scroll            |     7 |     3 ||    10
Armor: Scale mail        |   120 |    74 ||   194
Dodge: Dodged            |    69 |    51 ||   120
Block: Shield            |   108 |    66 ||   174
